 Dungeon Crawl Stone Soup version 0.30.0-18-gc0e69614cb (webtiles) character file.

Game seed: 17137386848703572824

1673 booth the Chopper (level 9, -4/69 HPs)
             Began as a Gnoll Reaver on May 24, 2023.
             Was a Follower of Ashenzari.
             Slain by a two-headed ogre
             ... wielding a +0 giant club
              (22 damage)
             ... on level 7 of the Dungeon on May 25, 2023.
             The game lasted 00:43:51 (6692 turns).

booth the Chopper (Gnoll Reaver)                    Turns: 6692, Time: 00:43:52

Health: -4/69      AC:  8    Str: 18    XL:     9   Next: 1%
Magic:  18/18      EV: 14    Int: 14    God:    Ashenzari [*.....]
Gold:   496        SH:  0    Dex: 16    Spells: 7/20 levels left

rFire   . . .        y - +3 whip (venom)
rCold   . . .        (no shield)
rNeg    . . .        b - +1 leather armour
rPois   .            g - +0 helmet
rElec   .            n - +2 cloak "Chained Negligence" {Will+, Range, Bglg} (curse)
rCorr   .            (no gloves)
SInv    .            (no boots)
Will    +++..        h - amulet "Behold Eternity" {RegenMP Will+ Str+3, Range, Bglg} (curse)
Stlth   ++           l - ring of willpower
HPRegen 0.31/turn    F - +6 ring of dexterity
MPRegen 0.56/turn

%: no passive effects
@: no status effects
A: fangs 1, strong nose, distributed training
a: Renounce Religion, Shatter the Chains


You were on level 7 of the Dungeon.
You worshipped Ashenzari.
Ashenzari was aware of your devotion.
You visited 2 branches of the dungeon, and saw 8 of its levels.

You collected 496 gold pieces.

Inventory:

Hand Weapons
 a - a +0 heavy hand axe
 e - a +0 mace of protection
 j - a +2 whip of flaming
 y - a +3 whip of venom (weapon)
Missiles
 u - 2 throwing nets
 A - 12 javelins
 B - 2 boomerangs
 H - 3 poisoned darts (quivered)
Armour
 b - a +1 leather armour (worn)
 g - a +0 helmet (worn)
 n - the cursed +2 cloak "Chained Negligence" (worn) {Will+, Range, Bglg}
   (You took it off Crazy Yiuf on level 2 of the Dungeon)

   It has a curse which improves the following skills: Ranged Combat: Ranged
   Weapons and Throwing.
   Beguiling: Conjurations, Hexes and Translocations.
 C - a +2 robe
Jewellery
 h - the cursed amulet "Behold Eternity" (around neck) {RegenMP Will+ Str+3, Range, Bglg}
   (You acquired it on level 2 of the Dungeon)

   [amulet of magic regeneration]

   It increases your rate of magic regeneration.
   Str:       It affects your strength (+3).
   Will:      It increases your willpower.
   It has a curse which improves the following skills: Ranged Combat: Ranged
   Weapons and Throwing.
   Beguiling: Conjurations, Hexes and Translocations.
 l - a ring of willpower (left hand)
 F - a +6 ring of dexterity (right hand)
Scrolls
 k - a scroll of fear
 o - a scroll of vulnerability
 t - 3 scrolls of teleportation
 w - a scroll of immolation
 D - a scroll of identify
 G - a scroll of poison
Potions
 c - 5 potions of curing
 d - 3 potions of flight
 f - a potion of invisibility
 i - a potion of brilliance
 m - 4 potions of attraction
 p - 3 potions of resistance
 r - a potion of haste
 v - a potion of lignification
 x - a potion of heal wounds
 z - a potion of magic
 E - a potion of cancellation
 I - a potion of berserk rage


   Skills:
 + Level 6.1 Fighting
 + Level 3.9 Short Blades
 + Level 3.9 Long Blades
 + Level 7.7 Axes
 + Level 3.9 Maces & Flails
 + Level 3.9 Polearms
 + Level 3.9 Staves
 + Level 3.9(5.0) Ranged Weapons
 + Level 3.9(5.0) Throwing
 + Level 3.9 Armour
 + Level 6.1 Dodging
 + Level 3.9 Stealth
 + Level 3.9 Shields
 + Level 3.9 Unarmed Combat
 + Level 6.4 Spellcasting
 + Level 6.4(7.6) Conjurations
 + Level 3.2(4.3) Hexes
 + Level 3.2 Summonings
 + Level 3.2 Necromancy
 + Level 3.2(4.3) Translocations
 + Level 3.2 Transmutations
 + Level 3.2 Fire Magic
 + Level 3.2 Ice Magic
 + Level 3.2 Air Magic
 + Level 3.2 Earth Magic
 + Level 3.2 Poison Magic
 + Level 4.3 Invocations
 + Level 3.9 Evocations


You had 7 spell levels left.
You knew the following spells:

 Your Spells              Type           Power      Damage    Failure   Level
a - Kiss of Death         Conj/Necr      76%        2d11      1%          1
b - Momentum Strike       Conj/Tloc      42%        3d9       2%          2
c - Hailstorm             Conj/Ice       19%        3d6       6%          3
d - Beastly Appendage     Tmut           26%        N/A       4%          1
e - Apportation           Tloc           32%        N/A       3%          1
f - Dazzling Flash        Conj/Hex       42%        N/A       4%          3
g - Wereblood             Tmut           13%        N/A       7%          2

Your spell library contained the following spells:

 Spells                   Type           Power      Damage    Failure   Level
 Necrotise                Necr           52%        1d6       4%          1
 Summon Small Mammal      Summ           52%        N/A       4%          1
 Confusing Touch          Hex            16%        N/A       9%          3
 Spider Form              Tmut/Pois      13%        N/A       14%         3
 Dispel Undead            Necr           13%        3d9       43%         4
 Irradiate                Conj/Tmut      9%         3d14      47%         5
 Silence                  Hex/Air        7%         N/A       71%         5
 Yara's Violent Unravell  Hex/Tmut       7%         3d5       71%         5
 Agony                    Necr           13%        N/A       78%         5
 Blade Hands              Tmut           6%         N/A       78%         5
 Statue Form              Tmut/Erth      8%         N/A       100%        6
 Ozocubu's Refrigeration  Ice            6%         4d8       100%        7


Dungeon Overview and Level Annotations

Branches:
Dungeon (7/15)             Temple (1/1) D:5

Altars:
Ashenzari
Cheibriados
Elyvilon
Gozag
Hepliaklqana
Kikubaaqudgha
Nemelex Xobeh
Okawaru
Qazlal
Ru
Sif Muna
Trog
Uskayaw
Wu Jian
Xom
Yredelemnul
Zin
The Shining One


Innate Abilities, Weirdness & Mutations

You have very sharp teeth.
Your uncanny sense of smell can sniff out nearby items.
Your experience applies equally to all skills.


Message History

Throw: 12 javelins
Press: ? - help, Q - select action, (/) - cycle Shift-Dir - straight line, f - two-headed ogre
Aim: a two-headed ogre, wielding two +0 giant clubs (78% to hit)
Okay, then.
Throw: 6 darts (poison)
Press: ? - help, Q - select action, (/) - cycle Shift-Dir - straight line, f - two-headed ogre
Aim: a two-headed ogre, wielding two +0 giant clubs (78% to hit)
You throw a poisoned dart.
The poisoned dart hits the two-headed ogre!
The two-headed ogre is poisoned.
Throw: 5 darts (poison)
Press: ? - help, Q - select action, (/) - cycle Shift-Dir - straight line, f/p - two-headed ogre
Aim: a two-headed ogre, wielding two +0 giant clubs (very poisoned, 78% to hit)
You throw a poisoned dart.
The poisoned dart barely misses the two-headed ogre.
Throw: 4 darts (poison)
Press: ? - help, Q - select action, (/) - cycle Shift-Dir - straight line, f/p - two-headed ogre
Aim: a two-headed ogre, wielding two +0 giant clubs (lightly wounded, very poisoned, 78% to hit)
You throw a poisoned dart.
The poisoned dart barely misses the two-headed ogre.
You whack the two-headed ogre!
The two-headed ogre looks as sick as possible!
The two-headed ogre is moderately wounded.
The two-headed ogre hits you with a +0 giant club.
The two-headed ogre hits you with a +0 giant club!!
You whack the two-headed ogre!
The two-headed ogre looks as sick as possible!
The two-headed ogre is moderately wounded.
You hit the two-headed ogre.
The two-headed ogre is heavily wounded.
The two-headed ogre hits you with a +0 giant club! x2
* * * LOW HITPOINT WARNING * * *
You whack the two-headed ogre!
The two-headed ogre looks as sick as possible!
The two-headed ogre is heavily wounded.
You completely miss the two-headed ogre.
You bite the two-headed ogre, but do no damage.
The two-headed ogre is severely wounded.
The two-headed ogre hits you with a +0 giant club!!
You die...

#......## #.......#
##...#<..#
##............#
###.........s....
#................
######.######.........
#...........#.........
#.####.####@#....O....
#.#.......#O#.........
#.#.##.##.#.#.......
###.#.#...#.#.#....<..
#......._.....(.......
#.#.#.#...#.#.#....[..
#.#.#.##.##.#.#.......
#.#.#.......#(#.......
#.#.####.####.###.....


You could see a two-headed ogre (extremely poisoned).

Vanquished Creatures
  Pikel (D:5)
  An ice beast (D:6)
  An orc warrior (D:6)
  An ogre (D:4)
  3 phantoms (D:6)
  A centaur (D:5)
  A lemure (D:5)
  A howler monkey (D:6)
  A gnoll bouda (D:5)
  A hound (D:6)
  A jelly (D:6)
  Crazy Yiuf (D:2)
  A sleepcap (D:5)
  3 iguanas (D:5)
  3 orc wizards
  Natasha (thrice) (D:2)
  Robin (D:4)
  5 gnolls (D:5)
  9 adders
  2 worms
  2 dart slugs
  19 orcs
  5 bats
  5 endoplasms
  2 giant cockroaches
  15 goblins
  9 hobgoblins
  3 quokkas
  7 ball pythons
  2 frilled lizards
  5 kobolds
  3 rats
118 creatures vanquished.

Notes
Turn   | Place    | Note
-------+----------+-------------------------------------------
     0 | D:1      | booth the Gnoll Reaver began the quest for the Orb.
     0 | D:1      | Reached XP level 1. HP: 20/20 MP: 6/6
    84 | D:1      | Reached XP level 2. HP: 21/26 MP: 7/7
    87 | D:1      | Learned a level 2 spell: Momentum Strike
   868 | D:2      | Reached skill level 5 in Spellcasting
   868 | D:2      | Reached XP level 3. HP: 16/31 MP: 7/9
   930 | D:2      | Learned a level 3 spell: Hailstorm
   932 | D:2      | Learned a level 1 spell: Beastly Appendage
  1340 | D:2      | Noticed Natasha
  1358 | D:2      | Reached skill level 1 in Invocations
  1380 | D:2      | Killed Natasha
  1381 | D:2      | Reached skill level 1 in Short Blades
  1381 | D:2      | Reached skill level 1 in Long Blades
  1381 | D:2      | Reached skill level 1 in Maces & Flails
  1381 | D:2      | Reached skill level 1 in Polearms
  1381 | D:2      | Reached skill level 1 in Staves
  1381 | D:2      | Reached skill level 1 in Ranged Weapons
  1381 | D:2      | Reached skill level 1 in Throwing
  1381 | D:2      | Reached skill level 1 in Armour
  1381 | D:2      | Reached skill level 1 in Stealth
  1381 | D:2      | Reached skill level 1 in Shields
  1381 | D:2      | Reached skill level 1 in Unarmed Combat
  1381 | D:2      | Reached skill level 1 in Evocations
  1381 | D:2      | Reached XP level 4. HP: 6/36 MP: 9/11
  1412 | D:2      | Noticed Natasha
  1473 | D:2      | Killed Natasha
  1474 | D:2      | Reached skill level 1 in Hexes
  1474 | D:2      | Reached skill level 1 in Summonings
  1474 | D:2      | Reached skill level 1 in Necromancy
  1474 | D:2      | Reached skill level 1 in Translocations
  1474 | D:2      | Reached skill level 1 in Transmutations
  1474 | D:2      | Reached skill level 1 in Fire Magic
  1474 | D:2      | Reached skill level 1 in Ice Magic
  1474 | D:2      | Reached skill level 1 in Air Magic
  1474 | D:2      | Reached skill level 1 in Earth Magic
  1474 | D:2      | Reached skill level 1 in Poison Magic
  1617 | D:2      | Noticed Natasha
  1687 | D:2      | Killed Natasha
  1919 | D:2      | Found a runed translucent door.
  1920 | D:2      | Noticed Crazy Yiuf
  1930 | D:2      | Killed Crazy Yiuf
  1931 | D:2      | Reached XP level 5. HP: 4/31 MP: 9/12
  2092 | D:2      | Identified a scroll of acquirement
  2092 | D:2      | Acquired the amulet "Maiw" {RegenMP Will+ Str+3}
  2212 | D:3      | Found a stormy altar of Qazlal.
  2579 | D:3      | Found an iron altar of Okawaru.
  2579 | D:3      | Found a bloodstained altar of Trog.
  3352 | D:4      | Reached XP level 6. HP: 39/48 MP: 14/14
  3502 | D:4      | Reached skill level 5 in Fighting
  3502 | D:4      | Reached skill level 5 in Dodging
  4020 | D:4      | Noticed Robin
  4045 | D:4      | Killed Robin
  4319 | D:5      | Entered Level 5 of the Dungeon
  4505 | D:5      | Reached skill level 7 in Axes
  4505 | D:5      | Reached XP level 7. HP: 28/56 MP: 15/15
  4611 | D:5      | Found an ancient bone altar of Kikubaaqudgha.
  4636 | D:5      | Found a staircase to the Ecumenical Temple.
  4690 | Temple   | Entered the Ecumenical Temple
  4825 | Temple   | Became a worshipper of Ashenzari the Shackled
  4899 | D:5      | Found a glowing golden altar of the Shining One.
  4904 | D:5      | Found a shimmering altar of Xom.
  4909 | D:5      | Found a hide-covered altar of Uskayaw.
  4914 | D:5      | Found a snail-covered altar of Cheibriados.
  5150 | D:5      | Noticed Pikel
  5170 | D:5      | Killed Pikel
  5171 | D:5      | Reached XP level 8. HP: 18/64 MP: 15/17
  6098 | D:6      | Reached XP level 9. HP: 57/69 MP: 18/18
  6167 | D:6      | Found an opulent altar of Gozag.
  6338 | D:6      | Found a white marble altar of Elyvilon.
  6394 | D:6      | Found a basalt altar of Yredelemnul.
  6529 | D:6      | Learned a level 1 spell: Apportation
  6533 | D:6      | Learned a level 3 spell: Dazzling Flash
  6536 | D:6      | Learned a level 2 spell: Wereblood
  6536 | D:6      | Reached * piety under Ashenzari
  6578 | D:6      | Acquired Nenod's Writings on Glacial Configuration
  6621 | D:7      | Found a sacrificial altar of Ru.
  6676 | D:7      | Noticed a two-headed ogre
  6692 | D:7      | Slain by a two-headed ogre

Illustrated notes

Levels and vault maps discovered:
D:1:      dpeg_arrival_tiny_j, layout_loops_cross,
          chequers_serial_rivers_micro_e
D:2:      layout_loops_cross, uniq_natasha, uniq_crazy_yiuf_cottage
D:3:      layout_basic, grunt_temple_overflow_bloody_war,
          overflow_temple_1_default, minmay_misc_feat_nine_boxes
D:4:      layout_basic, serial_rivers, chequers_serial_rivers_micro_b,
          chequers_serial_rivers_small_a, chequers_serial_rivers_large_a,
          chequers_serial_rivers_small_3, uniq_robin
D:5:      layout_cave_pools, kennysheep_little_box,
          grunt_temple_overflow_cloverleaf, minmay_temple_entry_trees,
          uniq_pikel
D:6:      layout_rooms, kennysheep_ying_yang, amcnicky_altar_gilded,
          serial_aquarium, aquarium_bridge_square [aquarium_subvault_window,
          aquarium_subvault_balcony, aquarium_subvault_bridge,
          aquarium_subvault_bridge], aquarium_window_2,
          aquarium_window_corridor_3, aquarium_window_corner, aquarium_view_2a,
          aquarium_view_2c, aquarium_balcony_5b
D:7:      layout_cave_pools, mainiacjoe_overflow_alcove_1,
          nicolae_ru_sacrificial_ziggurat, enter_bailey_2, uniq_menkaure,
          uniq_maggie
Temple:   nicolae_temple_ecumenical_triangle

Skill      XL: |  1  2  3  4  5  6  7  8 |
---------------+-------------------------+-----
Spellcasting   | 5 6 |  6.4
Invocations    | 1 2 3 4 |  4.3
Short Blades   | 1 2 3 |  3.9
Long Blades    | 1 2 3 |  3.9
Maces & Flails | 1 2 3 |  3.9
Polearms       | 1 2 3 |  3.9
Staves         | 1 2 3 |  3.9
Ranged Weapons | 1 2 3 |  3.9
Throwing       | 1 2 3 |  3.9
Armour         | 1 2 3 |  3.9
Stealth        | 1 2 3 |  3.9
Shields        | 1 2 3 |  3.9
Unarmed Combat | 1 2 3 |  3.9
Evocations     | 1 2 3 |  3.9
Hexes          | 1 2 3 |  3.2
Summonings     | 1 2 3 |  3.2
Necromancy     | 1 2 3 |  3.2
Translocations | 1 2 3 |  3.2
Transmutations | 1 2 3 |  3.2
Fire Magic     | 1 2 3 |  3.2
Ice Magic      | 1 2 3 |  3.2
Air Magic      | 1 2 3 |  3.2
Earth Magic    | 1 2 3 |  3.2
Poison Magic   | 1 2 3 |  3.2
Fighting       | 5 6 |  6.1
Dodging        | 5 6 |  6.1
Axes           | 7 |  7.7
Conjurations   | 6 |  6.4

Action                     |  1- 3 |  4- 6 |  7- 9 || total
---------------------------+-------+-------+-------++-------
  Melee: Hand axe          |    85 |   122 |    61 ||   268
         Bite              |     5 |    29 |    21 ||    55
         Punch             |     2 |     4 |     3 ||     9
         Whip              |       |   131 |    99 ||   230
  Throw: Dart              |     2 |     1 |     4 ||     7
         Throwing net      |       |       |     1 ||     1
   Cast: Kiss of Death     |     1 |     3 |       ||     4
         Beastly Appendage |     1 |       |       ||     1
 Invoke: Curse Item        |       |       |     2 ||     2
    Use: Scroll            |     2 |     8 |     3 ||    13
         Potion            |     1 |     2 |     1 ||     4
   Stab: Sleeping          |       |     1 |       ||     1
 Armour: Leather armour    |    23 |    75 |    71 ||   169
  Dodge: Dodged            |    52 |   127 |   129 ||   308
